Map: Hielo y cromo EE

Players

MrFercho - Winner!

  • Race: Zerg Zerg
  • League: Silver
  • Spawn Location: 1:00

theris

  • Race: Terran Terran
  • Spawn Location: 7:00

VOD

Have the link to the VOD?

Description

Time

  • Played on: June 13, 2020, 10:21 a.m.
  • Length: 20:33
Show
View Real Time Build Order
Export as new Build Order

MrFercho Zerg - Winner!

Build Orders: Hatch First 

Get SALT Encoding   

  12  0:01  Drone  
  13  0:13  Overlord  
  13  0:17  Drone  
  14  0:32  Drone x2  
  17  0:35  Drone  
  17  0:58  Drone  
  17  0:59  Hatchery  
  17  1:12  Spawning Pool, Drone  
  17  1:16  Drone  
  18  1:20  Drone  
  19  1:28  Extractor  
  19  1:29  Drone  
  19  1:44  Drone  
  20  1:50  Drone  
  21  2:02  Overlord  
  21  2:10  Queen  
  23  2:15  Queen  
  23  2:17  Drone  
  23  2:18  Drone  
  27  2:29  Drone x2  
  29  2:41  Drone x2  
  31  2:48  Drone x2  
  33  3:01  Drone x2  
  33  3:02  Extractor  
  33  3:05  Queen  
  36  3:11  Overlord x2  
  36  3:37  Drone x4  
  36  3:38  Drone x5  
  45  3:54  Lair  
  45  4:00  Evolution Chamber  
  44  4:02  Roach Warren  
  44  4:04  Drone  
  44  4:05  Drone  
  45  4:14  Extractor  
  44  4:27  Overlord  
  44  4:28  Overlord x2  
  44  4:39  Drone x8  
  52  4:58  Roach x7  
  66  5:00  Hatchery  
  66  5:03  Hatchery  
  64  5:14  Glial Reconstitution  
  64  5:15  Extractor  
  64  5:17  Zerg Missile Weapons Level 1  
  63  5:22  Evolution Chamber  
  62  5:28  Spine Crawler  
  62  5:29  Spine Crawler  
  62  5:31  Spore Crawler  
  60  5:35  Drone  
  60  5:36  Drone x5  
  65  5:45  Drone  
  65  5:46  Drone  
  65  5:48  Overlord  
  65  5:49  Overlord  
  67  5:52  Overseer  
  67  5:57  Overseer  
  67  6:05  Roach x2  
  71  6:30  Drone x7  
  71  6:31  Drone x2  
  80  6:37  Zerg Ground Armor Level 1  
  80  6:42  Hydralisk Den  
  79  6:48  Drone x6, Infestation Pit  
  84  7:15  Drone  
  84  7:16  Drone x10  
  95  7:50  Hydralisk x4  
  103  7:57  Overlord x4  
  103  7:58  Overlord x4  
  103  8:31  Extractor x2  
  101  8:34  Drone  
  101  8:35  Drone x9  
  101  8:36  Drone x2  
  113  8:42  Extractor  
  113  8:43  Extractor  
  111  8:52  Drone x4  
  115  9:04  Zerg Missile Weapons Level 2, Zerg Ground Armor Level 2  
  115  9:06  Hive  
  115  9:11  Grooved Spines  
  115  9:39  Hydralisk x4  
  115  9:40  Hydralisk x11  
  145  9:49  Queen  
  147  9:53  Overlord x2  
  147  9:54  Overlord x2  
  145  10:21  Hydralisk  
  145  10:22  Muscular Augments, Hydralisk x8  
  157  10:32  Hydralisk x10  
  157  10:33  Hydralisk x2  
  171  10:41  Pneumatized Carapace  
  163  10:50  Hydralisk x4  
  163  10:51  Hydralisk x3  
  163  10:54  Overlord x2  
  177  11:21  Hydralisk  
  177  11:22  Hydralisk x10  
  199  12:12  Hatchery  
  198  12:18  Hatchery  
  198  12:20  Hatchery  
  196  12:38  Hydralisk x2  
  198  12:49  Hydralisk  
  198  12:50  Hydralisk x3  
  172  13:35  Hydralisk x14  
  172  13:36  Hydralisk  
  200  14:04  Overseer  
  200  16:03  Spire  
  191  17:17  Mutalisk  
  191  17:18  Mutalisk x3  
  197  18:12  Hatchery  
  196  18:14  Hatchery  
  195  18:22  Hatchery x2  
  193  18:28  Hatchery  
  193  18:30  Hatchery  
  193  18:31  Hatchery x3  
  188  19:47  Mutalisk x4  
  188  19:48  Mutalisk x2  
Show
View Real Time Build Order
Export as new Build Order

theris Terran 

Build Orders:  

Get SALT Encoding   

  12  0:29  Supply Depot  
  12  0:30  Supply Depot  
  12  0:46  Supply Depot  
  12  0:57  Barracks  
  12  1:13  SCV  
  13  1:25  SCV  
  14  1:37  SCV  
  15  1:45  Marine  
  16  1:49  SCV  
  17  2:01  SCV  
  17  2:02  Marine  
  19  2:13  SCV  
  20  2:20  Marine  
  21  2:33  Command Center  
  21  2:38  Marine  
  22  2:53  Refinery  
  22  2:56  SCV  
  22  2:57  Refinery  
  23  3:08  SCV  
  24  3:20  SCV  
  25  3:32  SCV  
  26  3:37  Barracks Reactor  
  26  3:44  SCV  
  26  3:47  SCV  
  28  3:59  SCV x2  
  30  4:11  SCV x2  
  30  4:16  Reaper x2  
  34  4:23  SCV x2  
  36  4:35  SCV  
  36  4:36  SCV  
  38  4:48  Reaper, SCV  
  38  4:49  Reaper  
  41  4:52  Factory  
  41  5:00  Factory  
  41  5:07  Barracks  
  41  5:09  Barracks  
  41  5:17  Barracks  
  41  5:20  Marine x2  
  43  5:28  Engineering Bay  
  43  5:29  Engineering Bay  
  43  5:32  Bunker  
  43  5:38  Marine x2  
  43  5:41  Bunker  
  45  5:45  Bunker  
  45  6:00  Barracks Reactor  
  45  6:10  Sensor Tower  
  45  6:25  Sensor Tower, Missile Turret  
  45  6:30  Sensor Tower  
  45  6:39  Missile Turret x2  
  45  6:51  Missile Turret  
  45  7:05  Factory Tech Lab x2  
  45  7:06  Barracks Tech Lab  
  45  7:18  Missile Turret  
  45  7:28  Missile Turret  
  45  7:29  Missile Turret  
  45  7:33  Missile Turret  
  45  7:41  Combat Shield  
  45  7:53  Siege Tank x2  
  51  7:59  Hi-Sec Auto Tracking  
  51  8:09  SCV  
  52  8:14  SCV  
  52  8:16  Refinery  
  53  8:21  Marine  
  54  8:33  Supply Depot  
  54  8:34  Supply Depot  
  54  8:36  Supply Depot x2  
  54  8:40  Supply Depot  
  54  8:48  Supply Depot  
  54  8:54  Marine x3  
  54  8:55  SCV x2  
  59  8:57  Supply Depot  
  59  8:58  Supply Depot  
  59  8:59  Supply Depot  
  59  9:00  Stimpack  
  59  9:07  SCV x2  
  61  9:17  Command Center, Refinery  
  61  9:19  SCV  
  63  9:31  SCV  
  63  9:49  Refinery  
  49  10:50  Bunker  
  49  10:57  Supply Depot  
  49  10:58  Supply Depot  
  49  11:02  Neosteel Armor  
  49  11:04  Terran Infantry Weapons Level 1  
  49  11:06  Orbital Command  
  49  11:25  Marine x2  
  50  11:26  Marine x2  
  50  11:30  Marauder  
  55  11:34  Command Center  
  55  11:35  Planetary Fortress  
  55  11:43  Marine x4  
  59  11:52  Sensor Tower, Marauder  
  61  11:54  Bunker  
  61  12:01  Marine x4  
  65  12:13  Marauder  
  67  12:18  Marine  
  67  12:19  Marine x3  
  67  12:21  Missile Turret  
  71  12:30  Bunker  
  71  12:35  Marauder  
  64  12:56  Marauder  
  64  12:57  Siege Tank x2  
  39  13:42  Marine x2  
  39  13:43  Marine x3  
  39  13:45  Siege Tank  
  4  14:32  Orbital Command  
Tags
 
League
Silver
Matchup
TvZ
Replay Pack
MrFercho
Spawn Locations
Cross Positions
Add a new tag
Caveats
  • Supply blocks, unpowered buildings, or Contaminate may cause inaccurate times.
  • Supply counts are checked every 10 seconds.